Map: Lerilak Crest

Players

LilDicky - Winner!

  • Race: Terran Terran
  • League: Diamond

Tjmax

  • Race: Zerg Zerg
  • League: Platinum

VOD

http://www.twitch.tv/tumescentpie

Description

Time

  • Played on: Dec. 4, 2015, 8:58 a.m.
  • Length: 12:00
Show
View Real Time Build Order
Export as new Build Order

LilDicky Terran - Winner!

Build Orders: MMM Bio 

Get SALT Encoding   

  12  0:01  SCV  
  13  0:13  SCV  
  14  0:17  Supply Depot  
  14  0:25  SCV  
  15  0:35  Refinery  
  15  0:39  SCV  
  16  0:45  Barracks  
  16  0:51  SCV  
  17  1:03  SCV  
  18  1:15  SCV  
  19  1:27  SCV  
  19  1:32  Reaper  
  21  1:39  Command Center  
  21  1:42  SCV  
  22  1:54  Orbital Command  
  22  2:05  Barracks Tech Lab  
  22  2:11  Barracks  
  22  2:19  Supply Depot  
  22  2:21  SCV  
  23  2:37  Barracks  
  23  2:40  Stimpack, Marine  
  23  2:41  SCV  
  25  2:58  Marine  
  25  2:59  Orbital Command  
  25  3:00  SCV  
  28  3:07  Barracks Tech Lab  
  28  3:12  SCV  
  28  3:16  Marine  
  28  3:24  SCV  
  28  3:25  Combat Shields  
  28  3:27  Barracks Reactor, Marine  
  29  3:33  Supply Depot  
  30  3:35  SCV  
  30  3:36  SCV  
  30  3:39  Marine  
  30  3:40  Refinery  
  33  3:46  Marauder  
  33  3:47  SCV  
  36  3:51  SCV  
  36  3:57  Marauder  
  36  3:59  SCV  
  39  4:04  Marine  
  39  4:05  Marine  
  39  4:06  SCV  
  42  4:11  Supply Depot, SCV  
  42  4:13  Marauder  
  45  4:18  Marine  
  45  4:21  SCV  
  45  4:23  Marine x2  
  49  4:30  SCV  
  50  4:33  SCV  
  50  4:34  Marauder  
  50  4:36  Marauder  
  50  4:37  Factory  
  55  4:41  Concussive Shells, Marine x2  
  57  4:55  Marauder  
  57  4:58  SCV, Marauder  
  62  5:04  Engineering Bay  
  62  5:06  Marine x2  
  62  5:07  SCV  
  65  5:09  Supply Depot  
  65  5:11  SCV  
  66  5:17  Marauder  
  66  5:19  Marauder  
  70  5:23  Factory Reactor  
  70  5:25  Starport, Bunker  
  70  5:30  Marine x2  
  70  5:33  Supply Depot  
  72  5:35  Terran Infantry Weapons Level 1  
  72  5:38  Marine  
  59  5:58  Marine x2  
  59  5:59  Marauder x2  
  61  6:15  Marine  
  61  6:16  Marine  
  61  6:18  Supply Depot  
  61  6:20  Marauder x2  
  61  6:21  Supply Depot, Refinery  
  61  6:23  Refinery  
  63  6:26  Medivac  
  63  6:29  Command Center  
  62  6:33  Marine x2  
  62  6:34  Medivac  
  62  6:35  SCV x2  
  62  6:46  Factory Reactor  
  62  6:48  SCV x2  
  62  6:49  Supply Depot  
  64  6:57  Supply Depot  
  64  6:59  Supply Depot  
  64  7:00  SCV x2  
  66  7:02  Marauder  
  66  7:03  Marauder  
  57  7:54  Marine  
  57  7:55  Marine x3  
  59  8:12  Marine  
  60  8:13  Marine x3  
  60  8:14  Barracks x2  
  60  8:15  Terran Infantry Armor Level 1, Barracks  
  60  8:18  Armory, Medivac x2  
  67  8:23  Engineering Bay  
  67  8:30  Marine x2  
  67  8:31  Marauder x2  
  73  8:40  Planetary Fortress  
  72  8:46  SCV  
  72  8:48  Marine x2  
  74  8:49  Supply Depot x2  
  74  8:50  SCV  
  74  8:52  Marine x2  
  78  8:58  SCV  
  78  8:59  Command Center  
  78  9:01  Marine  
  78  9:02  SCV  
  81  9:05  Marine  
  82  9:11  Marine x3  
  82  9:12  Marauder  
  82  9:13  Marine  
  88  9:19  Bunker  
  84  9:30  Marine x2  
  71  9:47  Marine  
  71  9:48  Marine  
  71  9:49  Marauder x2  
  74  10:01  Marine x2  
  76  10:10  Marauder x2  
  80  10:16  Marine  
  81  10:27  Marine x3  
  81  10:28  Marine  
  85  10:29  Medivac x2  
  85  10:31  Marauder  
  85  10:32  Marauder  
  93  10:37  Marine  
  91  10:44  Missile Turret  
  91  10:45  Marine x2  
  91  10:46  Missile Turret x2  
  91  10:48  Missile Turret  
  89  10:50  Missile Turret  
  89  10:51  Missile Turret  
  89  10:53  Missile Turret, Marauder  
  89  10:55  Orbital Command  
  89  11:02  Missile Turret  
  89  11:04  Marine  
  89  11:08  Marine  
  91  11:16  Missile Turret  
  91  11:17  Marine x2  
  93  11:22  Marine x3  
  96  11:26  Marine x2  
  98  11:33  SCV x2  
  98  11:35  Marine x2  
  101  11:40  Marine x2  
  101  11:43  Missile Turret  
  101  11:44  SCV  
  101  11:45  SCV  
  101  11:46  Missile Turret  
Show
View Real Time Build Order
Export as new Build Order

Tjmax Zerg 

Build Orders: Hatch First 

Get SALT Encoding   

  12  0:06  Drone  
  13  0:13  Overlord  
  13  0:19  Drone  
  14  0:32  Drone x2  
  16  0:39  Drone  
  17  0:56  Hatchery  
  16  1:05  Drone x2  
  18  1:11  Drone  
  19  1:18  Spawning Pool  
  19  1:22  Drone  
  19  1:24  Extractor  
  18  1:32  Drone  
  19  1:45  Overlord  
  19  2:11  Zergling x2  
  19  2:12  Zergling x4  
  19  2:13  Queen x2  
  26  2:17  Drone  
  26  2:22  Drone  
  28  2:32  Metabolic Boost  
  28  2:35  Drone x2  
  30  3:00  Queen x2  
  34  3:12  Drone, Overlord  
  35  3:13  Drone  
  35  3:28  Roach Warren  
  35  3:32  Drone x2, Extractor  
  35  3:33  Drone x3  
  38  3:40  Overlord  
  39  3:59  Hatchery  
  38  4:07  Drone x5  
  43  4:10  Roach  
  43  4:11  Roach x3  
  51  4:22  Overlord  
  51  4:30  Overlord  
  51  4:35  Extractor  
  51  4:37  Extractor  
  49  4:38  Extractor  
  49  4:44  Ravager x2  
  50  4:55  Baneling Nest  
  49  5:11  Roach x4  
  49  5:12  Roach, Zergling x10  
  63  5:25  Overlord x2  
  56  5:56  Zergling x2  
  56  5:57  Zergling x20  
  51  6:06  Drone x6  
  51  6:09  Lair  
  54  6:21  Queen  
  52  6:33  Drone x2  
  52  6:34  Drone x6  
  54  6:45  Zergling x14  
  54  6:46  Zergling x2  
  62  6:50  Roach  
  62  6:51  Spine Crawler  
  63  6:57  Roach x2  
  67  7:07  Baneling  
  67  7:08  Baneling x8  
  67  7:11  Centrifical Hooks  
  67  7:13  Roach x3  
  63  7:33  Zergling x12  
  63  7:34  Zergling x10  
  65  8:13  Spore Crawler  
  65  8:14  Spine Crawler  
  65  8:15  Spine Crawler  
  65  8:16  Spine Crawler x2  
  65  8:18  Spine Crawler  
  61  8:25  Ravager  
  61  8:26  Ravager x4  
  66  8:29  Drone x5  
  66  8:30  Drone x3  
  73  8:46  Spire  
  73  8:47  Queen  
  72  8:48  Drone  
  72  8:49  Drone  
  72  8:55  Overlord x2  
  73  9:17  Spine Crawler  
  53  9:44  Zergling x6  
  53  9:45  Zergling x22  
  55  9:46  Zergling x2  
  44  10:11  Mutalisk x6  
  55  10:18  Drone x2  
  55  10:42  Mutalisk x3  
  54  10:48  Drone x4  
  60  10:55  Queen  
  62  11:01  Drone x4  
  62  11:02  Drone x3, Spore Crawler  
  68  11:11  Extractor  
  67  11:13  Drone  
  67  11:14  Drone x2  
  70  11:21  Drone  
  69  11:41  Drone x2  
  69  11:42  Drone x4  
  75  11:48  Drone  
Tags
 
Add a new tag
Caveats
  • Supply blocks, unpowered buildings, or Contaminate may cause inaccurate times.
  • Supply counts are checked every 10 seconds.